AoeStats
← Phil100k

Nomad

506911629Analyzed
4v4 RM · 17d ago on Sep 15, 2026· 54m 40s· 8 players
Game mode
Random Map
Map size
231×231
Population
200
Speed
Normal
Resources
Standard
Victory
Conquest
Starting age
Dark Age
Ending age
Imperial Age
RankedLock teamsTeams togetherTeam positionsShared explorationLock speedFull tech treeHidden civsTurbo modeCheats
Victory
Defeat
🇦🇷 Huns · Argentina
999
+15
🇺🇸 Vietnamese · United States
970
+16
🇷🇺 Romans · Russia
952
+49
🇦🇷 Malay · Argentina
946
+17
🇨🇳 Malay · China
1037
-18
🇬🇧 Cumans · United Kingdom
984
-17
🇮🇳 Huns · India
976
-16
🇷🇴 Persians · Romania
914
-25
Imperium Romanum
9:14 Loom
17:08 Feudal Age
17:50 Man-at-Arms
19:04 Scale Mail Armor
20:25 Forging
25:14 Town Watch
31:52 Castle Age
29:55 Double-Bit Axe
33:51 Long Swordsman
34:51 Chain Mail Armor
40:10 Wheelbarrow
39:37 Town Patrol
40:25 Pikeman
42:21 Squires
46:30 Imperial Age
45:40 Hand Cart
46:57 Legionary
48:56 Conscription
49:49 Comitatenses
50:07 Halberdier
52:03 Iron Casting
54:32 Spies/Treason
Ben
5:39 Loom
14:37 Feudal Age
16:31 Wheelbarrow
15:43 Double-Bit Axe
21:40 Horse Collar
22:15 Fletching
22:18 Gold Mining
25:26 Castle Age
24:40 Padded Archer Armor
26:24 Hand Cart
26:40 Bodkin Arrow
26:16 Crossbowman
30:42 Thumb Ring
34:35 Town Watch
34:53 Heavy Plow
35:05 Bow Saw
35:42 Stone Mining
40:25 Imperial Age
39:35 Ballistics
40:32 Town Patrol
42:07 Chemistry
41:13 Siege Engineers
41:34 Paper Money
41:11 Arbalester
43:07 Bracer
43:22 Leather Archer Armor
44:35 Two-Man Saw
43:52 Leather Archer Armor
46:55 Murder Holes
50:15 Onager
ShogunPilo
6:47 Loom
15:04 Feudal Age
21:20 Fletching
23:08 Bloodlines
29:00 Castle Age
27:16 Forging
27:28 Arson
29:47 Bodkin Arrow
30:20 Scale Mail Armor
30:17 Pikeman
30:58 Squires
36:29 Wheelbarrow
39:10 Double-Bit Axe
43:24 Iron Casting
46:26 Imperial Age
44:49 Scale Barding Armor
47:15 Cavalier
49:24 Chemistry
50:20 Blast Furnace
51:32 Chain Barding Armor
51:19 Husbandry
53:48 Conscription
53:36 Town Watch
54:44 Plate Barding Armor
55:13 Hand Cart
SonLuffy6398
15:10 Loom
18:48 Feudal Age
24:56 Castle Age
26:07 Medium Warships
26:04 Fletching
32:58 Forging
34:52 Bodkin Arrow
34:30 Pikeman
Phil100k
4:07 Loom
14:27 Feudal Age
19:06 Man-at-Arms
24:34 Castle Age
27:23 Fishing Lines
30:43 Gillnets
31:05 Medium Warships
31:39 Long Swordsman
33:09 Fletching
36:13 Forging
36:01 Bodkin Arrow
44:22 Imperial Age
43:19 Forging
jorvikshungite
3:22 Loom
13:50 Feudal Age
14:53 Double-Bit Axe
22:35 Castle Age
20:49 Fishing Lines
23:16 Wheelbarrow
23:06 Horse Collar
24:20 Gold Mining
26:41 Forging
27:37 Scale Barding Armor
29:46 Iron Casting
29:27 Heavy Plow
30:26 Chain Barding Armor
31:20 Stone Mining
32:55 Gold Shaft Mining
35:41 Imperial Age
33:51 Capped Ram
35:09 Bloodlines
36:27 Murder Holes
37:07 Fletching
38:50 Masonry
38:32 Elite Steppe Lancer
40:21 Hand Cart
43:20 Blast Furnace
42:54 Bodkin Arrow
45:58 Plate Barding Armor
46:30 Steppe Husbandry
47:30 Town Watch
50:34 Ballistics
50:47 Light Cavalry
52:29 Padded Archer Armor
justifie
14:25 Feudal Age
15:39 Double-Bit Axe
16:03 Fishing Lines
19:36 Wheelbarrow
19:15 Horse Collar
23:46 Gold Mining
23:46 Stone Mining
30:50 Castle Age
30:01 Forging
29:42 Fletching
29:53 Padded Archer Armor
29:53 Scale Mail Armor
29:58 Scale Barding Armor
32:05 Bow Saw
31:58 Heavy Plow
32:35 Gold Shaft Mining
32:35 Stone Shaft Mining
32:43 Stone Shaft Mining
32:17 Caravan
33:30 Hand Cart
34:17 Pikeman
34:57 Squires
36:04 Iron Casting
40:54 Husbandry
41:20 Chain Barding Armor
shinychrome
12:48 Loom
16:19 Feudal Age
29:10 Bloodlines
Connection lost

Rejoining the realm…

Still unreachable

The connection could not be restored.

Session expired

The server has moved on; the page needs a fresh start.